 Dungeon Crawl Stone Soup version 0.21.1-1-g345015f (webtiles) character file.

1576 wilfster70 the Ruffian (level 8, -2/67 HPs)
             Began as a Troll Wizard on Mar 1, 2018.
             Was an Initiate of Vehumet.
             Slain by a two-headed ogre
             ... wielding a +0 giant spiked club
              (23 damage)
             ... on level 6 of the Dungeon.
             The game lasted 00:20:45 (4487 turns).

wilfster70 the Ruffian (Troll Wizard)               Turns: 4487, Time: 00:20:46

Health: -2/67      AC:  8    Str: 16    XL:     8   Next: 60%
Magic:  10/13      EV:  9    Int: 16    God:    Vehumet [......]
Gold:   247        SH:  0    Dex:  8    Spells: 11/15 levels left

rFire    . . .     SeeInvis +     - Unarmed
rCold    . . .     Gourm    +   (no shield)
rNeg     + . .     Faith    .   n - +2 robe {rN+}
rPois    .         Spirit   .   u - +1 hat
rElec    .         Reflect  .   (no cloak)
rCorr    +         Harm     .   (gloves unavailable)
MR       .....                  (boots unavailable)
Stlth    +.........             (no amulet)
HPRegen  0.61/turn              p - ring of resist corrosion
MPRegen  0.13/turn              v - ring of see invisible

@: very slightly contaminated
A: large, unfitting armour, claws 3, fast metabolism 3, gourmand, regeneration
1, shaggy fur 1, tough skin 2
a: Renounce Religion


You were on level 6 of the Dungeon.
You worshipped Vehumet.
Vehumet was noncommittal.
You were very full.

You visited 2 branches of the dungeon, and saw 7 of its levels.

You collected 247 gold pieces.

Inventory:

Hand Weapons
 b - a +3 flail of draining
Missiles
 a - 154 stones
 j - 3 poisoned tomahawks (quivered)
 q - 4 tomahawks
Armour
 n - a +2 robe of positive energy (worn)
 o - a +0 shield of protection
 u - a +1 hat (worn)
Magical Staves
 w - an uncursed staff of power
Jewellery
 p - a ring of resist corrosion (left claw)
 v - a ring of see invisible (right claw)
 y - an uncursed amulet of guardian spirit
Wands
 l - a wand of random effects (10)
Scrolls
 g - a scroll of blinking
 k - 3 scrolls of teleportation
 m - 4 scrolls of remove curse
 r - a scroll of identify
Potions
 e - a potion of brilliance {unknown}
 f - 2 potions of curing
 h - 2 potions of heal wounds
 i - a potion of flight
 s - a potion of magic {unknown}
Books
 c - a book of Minor Magic

   Spells                             Type                      Level
   a - Magic Dart                     Conjuration                  1
   b - Blink                          Translocation                2
   c - Call Imp                       Summoning                    2
   d - Slow                           Hexes                        2
   e - Conjure Flame                  Conjuration/Fire             3
   f - Mephitic Cloud                 Conjuration/Poison/Air       3
 t - a book of Maledictions

   Spells                             Type                      Level
   a - Corona                         Hexes                        1
   b - Ensorcelled Hibernation        Hexes/Ice                    2
   c - Confuse                        Hexes                        3
   d - Tukima's Dance                 Hexes                        3
   e - Dazzling Spray                 Conjuration/Hexes            3
Comestibles
 d - 12 rations


   Skills:
 - Level 1.5 Dodging
 - Level 1.0 Stealth
 + Level 0.0 Shields
 - Level 4.4 Unarmed Combat
 - Level 4.0 Spellcasting
 + Level 4.4 Conjurations
   Level 0.6 Summonings
   Level 0.6 Translocations
 + Level 3.8 Fire Magic


You had 11 spell levels left.
You knew the following spells:

 Your Spells              Type           Power        Failure   Level  Hunger
a - Magic Dart            Conj           ###.         2%          1    None
b - Conjure Flame         Conj/Fire      ###.....     9%          3    ###....


Dungeon Overview and Level Annotations

Branches:
Dungeon (6/15)             Temple (1/1) D:5

Altars:
Ashenzari
Cheibriados
Fedhas
Gozag
Kikubaaqudgha
Makhleb
Nemelex Xobeh
Okawaru
Trog
Uskayaw
Vehumet
Wu Jian
Xom
Yredelemnul
Zin
The Shining One

Shops:
D:6 *

Annotations:
D:3 Mgcat's ghost, amateur DsBe


Innate Abilities, Weirdness & Mutations

You are too large for most types of armour.
You have claws for hands.
Your metabolism is lightning-fast.
You like to eat raw meat.
Your natural rate of healing is unusually fast.
You are covered in fur. (AC +1)
You have very tough skin. (AC +2)


Message History

Found a scroll of identify.
There is a stone staircase leading down here.
Found a helmet.
r - a scroll of identify
Casting: Magic Dart
Confirm with . or Enter, or press ? or * to list all spells.
Aiming: Conjure Flame
Press: ? - help, Dir - move target cursor You miscast Conjure Flame.
You are very lightly contaminated with residual magic.
Your skin tingles.
You scratch the two-headed ogre.
The two-headed ogre is lightly wounded.
The two-headed ogre hits you with a giant spiked club!!
The two-headed ogre hits you with a giant club!!
* * * LOW HITPOINT WARNING * * *
You scratch the two-headed ogre but do no damage.
The two-headed ogre is lightly wounded.
The two-headed ogre hits you with a giant spiked club!!
You die...

...#.... ........#....).....
.....#... ...............####
..................#...#.###.#....
........##........###.#.###......
........##........###.#.......###
...........O.. .....#.#.<.≈.O....
............#####...#.#..........
............##......#.#.##.......
............##..@...#.#.##.......
............##.O......#. #.......
............##.....####. #.......
##............###....... ##'..###
#............# #######. .###'###
##########...# #.....#...#.....#
#### #...###.....#...#.⌠.⌠.#
...## #.....#.....#...#..∩..#
....#######.....#.....#...#.⌠.⌠.#


You could see a two-headed ogre.

Vanquished Creatures
  The ghost of wilfster70 the Magician, a novice TrWz (D:5)
  Grinder (D:6)
  Edmund (D:4)
  2 sky beasts
  A bullfrog (D:6)
  A wyvern skeleton (D:5)
  A howler monkey (D:3)
  3 crimson imps
  A jelly (D:6)
  3 orc priests (D:3)
  2 bullfrog skeletons
  Jessica (D:2)
  2 iguanas (D:6)
  2 worker ants
  A hound skeleton (D:6)
  A worker ant zombie (D:3)
  5 adders
  2 shadow imps (D:5)
  2 oozes
  3 worms (D:3)
  A dart slug (D:1)
  5 leopard geckos
  16 orcs
  5 bats
  11 giant cockroaches
  10 goblins
  6 hobgoblins
  10 jackals
  7 kobolds
  A quokka (D:6)
  2 ball pythons (D:2)
  A ball python skeleton (D:5)
  3 frilled lizards
  A jackal skeleton (D:4)
  9 rats
124 creatures vanquished.

Notes
Turn   | Place    | Note
-------+----------+-------------------------------------------
     0 | D:1      | wilfster70 the Troll Wizard began the quest for the Orb.
     0 | D:1      | Reached XP level 1. HP: 16/16 MP: 2/2
   118 | D:1      | Reached skill level 1 in Conjurations
   122 | D:1      | Reached skill level 1 in Unarmed Combat
   122 | D:1      | Reached XP level 2. HP: 24/24 MP: 4/4
   631 | D:2      | Reached XP level 3. HP: 31/31 MP: 5/5
   781 | D:2      | Found an opulent altar of Gozag.
   782 | D:2      | Found a glowing silver altar of Zin.
   854 | D:2      | Reached XP level 4. HP: 20/39 MP: 6/6
  1169 | D:2      | Noticed Jessica
  1190 | D:2      | Killed Jessica
  1244 | D:2      | Learned a level 3 spell: Conjure Flame
  1535 | D:3      | Found a burning altar of Makhleb.
  1686 | D:3      | Found a blossoming altar of Fedhas.
  1718 | D:3      | Reached XP level 5. HP: 44/45 MP: 7/7
  1740 | D:3      | Noticed Mgcat's ghost (amateur DsBe)
  2129 | D:3      | Reached skill level 1 in Fire Magic
  2194 | D:3      | Reached XP level 6. HP: 36/53 MP: 9/9
  2464 | D:4      | Found a hide-covered altar of Uskayaw.
  2536 | D:4      | Noticed Edmund
  2551 | D:4      | Killed Edmund
  2794 | D:5      | Entered Level 5 of the Dungeon
  2797 | D:5      | Found a staircase to the Ecumenical Temple.
  2810 | D:5      | Reached XP level 7. HP: 46/59 MP: 10/10
  2812 | Temple   | Entered the Ecumenical Temple
  2848 | Temple   | Became a worshipper of Vehumet
  3044 | D:5      | Noticed wilfster70's ghost (novice TrWz)
  3277 | D:5      | Killed wilfster70's ghost
  3410 | D:5      | Found an iron altar of Okawaru.
  3713 | D:6      | Found Imakicux's General Store.
  3827 | D:6      | Reached XP level 8. HP: 67/67 MP: 9/12
  3969 | D:6      | Noticed Grinder
  3994 | D:6      | Killed Grinder
  4103 | D:6      | Noticed a two-headed ogre
  4487 | D:6      | Slain by a two-headed ogre

Skill      XL: |  1  2  3  4  5  6  7  8 |
---------------+-------------------------+-----
Conjurations   | 1 2 3 4 |  4.4
Unarmed Combat | 1 2 3 4 |  4.4
Fire Magic     | 1 2 3 |  3.8
Spellcasting   | 3 4 |  4.0
Dodging        | |  1.5
Stealth        | |  1.0
Summonings     | |  0.6
Translocations | |  0.6

Action                   |  1- 3 |  4- 6 |  7- 9 || total
-------------------------+-------+-------+-------++-------
Melee: Unarmed           |    99 |   288 |   116 ||   503
       Punch             |       |     3 |       ||     3
Throw: Tomahawk          |       |     3 |     3 ||     6
 Cast: Magic Dart        |     6 |       |    25 ||    31
  Use: Scroll            |       |       |    10 ||    10
       Potion            |       |       |     1 ||     1
 Stab: Sleeping          |     1 |     1 |       ||     2
  Eat: Chunk             |    12 |    19 |    15 ||    46
Armor: Robe              |    42 |   123 |    40 ||   205
Dodge: Dodged            |    57 |   162 |    42 ||   261
